TOP OF THE 1ST |
Punta Cana Hutias batting - Pitching for Santa Anna Dukes : RHP Christian Coleman
|
Pitching: RHP Christian Coleman
|
|
Batting: RHB Alejandro Ramírez
|
0-0: DOUBLE (Line Drive, 9LS)
|
Batting: RHB Edgardo Vásquez
|
0-0: Ball 1-0: SINGLE (Groundball, 34D) Alejandro Ramírez to third Runner from 3rd tries for Home, SAFE, no throw
|
Batting: LHB Juan Rodríguez
|
0-0: Ball 1-0: Fly out, F9 (Flyball, 9)
|
Batting: LHB Justin McCoy
|
0-0: Called Strike 0-1: Ball 1-1: Ball 2-1: Foul Ball, location: 2F 2-2: Ball 3-2: Fly out, F8 (Flyball, 8RD)
|
Batting: RHB Alberto García
|
0-0: Called Strike 0-1: Swinging Strike 0-2: Ball Wild Pitch! Edgardo Vásquez to second 1-2: Strikes out swinging
|
Top of the 1st over - 1 run(s), 2 hit(s), 0 error(s), 1 left on base; Punta Cana 1 - Santa Anna 0 |
BOTTOM OF THE 1ST |
Santa Anna Dukes batting - Pitching for Punta Cana Hutias : RHP Raúl Cruz
|
Pitching: RHP Raúl Cruz
|
|
Batting: RHB Rory Howard
|
0-0: Called Strike 0-1: Swinging Strike 0-2: Ball 1-2: Foul Ball, location: 2F 1-2: Strikes out looking
|
Batting: RHB Ben Wilson
|
0-0: Ball 1-0: Ball 2-0: Called Strike 2-1: Fly out, F7 (Flyball, 7LSF)
|
Batting: RHB Jesús Velásquez
|
0-0: Ball 1-0: Swinging Strike 1-1: Foul Ball, location: 2F 1-2: Foul Ball, location: 2F 1-2: Foul Ball, location: 2F 1-2: Foul Ball, location: 2F 1-2: Fly out, F7 (Flyball, 78S)
|
Bottom of the 1st over - 0 run(s), 0 hit(s), 0 error(s), 0 left on base; Punta Cana 1 - Santa Anna 0 |
TOP OF THE 2ND |
Punta Cana Hutias batting - Pitching for Santa Anna Dukes : RHP Christian Coleman
|
Batting: LHB Pat Williams
|
0-0: Ball 1-0: Bunt missed! 1-1: Ball 2-1: Ball 3-1: SINGLE (Groundball, 6D)
|
Batting: SHB Tony Suárez
|
0-0: Ball 1-0: Ball 2-0: Called Strike 2-1: Ball 3-1: Base on Balls Pat Williams to second
|
Batting: RHB Millard Ferguson
|
0-0: Called Strike 0-1: Ball 1-1: Ball 2-1: Ball 3-1: Foul Ball, location: 2F 3-2: Strikes out swinging
|
Batting: SHB Ernesto Moreno
|
0-0: Ball 1-0: Swinging Strike 1-1: Ball 2-1: Foul Ball, location: 2F 2-2: Ball Wild Pitch! Pat Williams to third Tony Suárez to second 3-2: Foul Ball, location: 2F 3-2: Strikes out looking
|
Batting: RHB Alejandro Ramírez
|
0-0: Fly out, F7 (Line Drive, 7)
|
Top of the 2nd over - 0 run(s), 1 hit(s), 0 error(s), 2 left on base; Punta Cana 1 - Santa Anna 0 |
BOTTOM OF THE 2ND |
Santa Anna Dukes batting - Pitching for Punta Cana Hutias : RHP Raúl Cruz
|
Batting: RHB Scott McGuire
|
0-0: Ball 1-0: Called Strike 1-1: Called Strike 1-2: Ball 2-2: Ball 3-2: Foul Ball, location: 2F 3-2: Base on Balls
|
Batting: SHB Jerry Young
|
0-0: Swinging Strike 0-1: Ball 1-1: DOUBLE (Flyball, 7LM) Scott McGuire to third
|
Batting: RHB John Hutchins
|
0-0: Ball 1-0: Called Strike 1-1: Ball 2-1: Ball 3-1: Fly out, F1 (Line Drive, 15)
|
Batting: LHB Tony Beck
|
0-0: DOUBLE (Line Drive, 8LD) Scott McGuire scores Jerry Young scores
|
Batting: RHB William Elliott
|
0-0: Foul Ball, location: 2F 0-1: Called Strike 0-2: Strikes out looking
|
Batting: RHB Brian Martínez
|
0-0: Ground out 6-3 (Groundball, 6MD)
|
Bottom of the 2nd over - 2 run(s), 2 hit(s), 0 error(s), 1 left on base; Punta Cana 1 - Santa Anna 2 |
TOP OF THE 3RD |
Punta Cana Hutias batting - Pitching for Santa Anna Dukes : RHP Christian Coleman
|
Batting: RHB Edgardo Vásquez
|
0-0: Ball 1-0: Called Strike 1-1: Ball 2-1: Bunt missed! 2-2: SINGLE (Flyball, 3D)
|
Batting: LHB Juan Rodríguez
|
0-0: SINGLE (Groundball, 56D) Edgardo Vásquez to second
|
Batting: LHB Justin McCoy
|
0-0: Ball 1-0: Ball 2-0: DOUBLE (Flyball, 89D) Edgardo Vásquez scores Juan Rodríguez to third
|
Batting: RHB Alberto García
|
0-0: Ball 1-0: Ball 2-0: Foul Ball, location: 2F 2-1: Swinging Strike 2-2: SINGLE (Line Drive, 56) Juan Rodríguez scores Justin McCoy to third
|
Batting: LHB Pat Williams
|
0-0: Foul Ball, location: 2F 0-1: Ball 1-1: Fielders Choice at 2nd, 4-6 (Groundball, 34) Justin McCoy scores
|
Batting: SHB Tony Suárez
|
0-0: Foul Ball, location: 2F 0-1: Foul Ball, location: 2F 0-2: Ball 1-2: Ball 2-2: Foul Ball, location: 2F 2-2: Foul Ball, location: 2F 2-2: Strikes out swinging
|
Batting: RHB Millard Ferguson
|
0-0: Called Strike 0-1: SINGLE (Groundball, 34) (infield hit) Pat Williams to second
|
Batting: SHB Ernesto Moreno
|
0-0: Ball 1-0: Swinging Strike 1-1: Foul Ball, location: 2F 1-2: Ball 2-2: Ball 3-2: Foul Ball, location: 2F 3-2: Strikes out swinging
|
Top of the 3rd over - 3 run(s), 5 hit(s), 0 error(s), 2 left on base; Punta Cana 4 - Santa Anna 2 |
BOTTOM OF THE 3RD |
Santa Anna Dukes batting - Pitching for Punta Cana Hutias : RHP Raúl Cruz
|
Batting: RHB Rory Howard
|
0-0: Foul Ball, location: 2F 0-1: Foul Ball, location: 2F 0-2: Ground out 6-3 (Groundball, 6)
|
Batting: RHB Ben Wilson
|
0-0: Called Strike 0-1: Fly out, F9 (Line Drive, 9)
|
Batting: RHB Jesús Velásquez
|
0-0: Called Strike 0-1: Foul Ball, location: 2F 0-2: Fly out, F7 (Flyball, 78M)
|
Bottom of the 3rd over - 0 run(s), 0 hit(s), 0 error(s), 0 left on base; Punta Cana 4 - Santa Anna 2 |
TOP OF THE 4TH |
Punta Cana Hutias batting - Pitching for Santa Anna Dukes : RHP Christian Coleman
|
Batting: RHB Alejandro Ramírez
|
0-0: Called Strike 0-1: Ball 1-1: Swinging Strike 1-2: Foul Ball, location: 2F 1-2: Foul Ball, location: 2F 1-2: Ball 2-2: SINGLE (Line Drive, 8RS)
|
Batting: RHB Edgardo Vásquez
|
0-0: Ball 1-0: Foul Ball, location: 2F 1-1: Ball 2-1: Swinging Strike 2-2: Ball 3-2: Strikes out swinging Alejandro Ramírez steals 2nd base Batter strikes out.
|
Pitching: RHP A.J. Wellman
|
|
Batting: LHB Juan Rodríguez
|
0-0: Called Strike 0-1: Ball 1-1: Foul Ball, location: 2F 1-2: Ball 2-2: Ball 3-2: Foul Ball, location: 2F 3-2: Foul Ball, location: 2F 3-2: Strikes out swinging
|
Batting: LHB Justin McCoy
|
0-0: Ball 1-0: Ball 2-0: Ground out 4-3 (Groundball, 34)
|
Top of the 4th over - 0 run(s), 1 hit(s), 0 error(s), 1 left on base; Punta Cana 4 - Santa Anna 2 |
BOTTOM OF THE 4TH |
Santa Anna Dukes batting - Pitching for Punta Cana Hutias : RHP Raúl Cruz
|
Batting: RHB Scott McGuire
|
0-0: Ball 1-0: Ball 2-0: Ball 3-0: Base on Balls
|
Batting: SHB Jerry Young
|
0-0: Ball 1-0: Ground out U3 (Groundball, 3S) Scott McGuire to second
|
Batting: RHB John Hutchins
|
0-0: Fly out, F8 (Flyball, 8LD) Runner from 2nd tags up, SAFE at 3rd, no throw
|
Batting: LHB Tony Beck
|
0-0: Called Strike 0-1: Called Strike 0-2: Strikes out swinging
|
Bottom of the 4th over - 0 run(s), 0 hit(s), 0 error(s), 1 left on base; Punta Cana 4 - Santa Anna 2 |
TOP OF THE 5TH |
Punta Cana Hutias batting - Pitching for Santa Anna Dukes : RHP A.J. Wellman
|
Batting: RHB Alberto García
|
0-0: Called Strike 0-1: Ball 1-1: Called Strike 1-2: Ball 2-2: Strikes out looking
|
Batting: LHB Pat Williams
|
0-0: Ball 1-0: Ground out 4-3 (Groundball, 4)
|
Batting: SHB Tony Suárez
|
0-0: Ball 1-0: Ball 2-0: Called Strike 2-1: Swinging Strike 2-2: Strikes out swinging
|
Top of the 5th over - 0 run(s), 0 hit(s), 0 error(s), 0 left on base; Punta Cana 4 - Santa Anna 2 |
BOTTOM OF THE 5TH |
Santa Anna Dukes batting - Pitching for Punta Cana Hutias : RHP Raúl Cruz
|
Batting: RHB William Elliott
|
0-0: Ball 1-0: Foul Ball, location: 2F 1-1: Fly out, F9 (Flyball, 9LS)
|
Batting: RHB Brian Martínez
|
0-0: Ball 1-0: Single, Error in OF, E7, batter to second base
|
Batting: RHB Rory Howard
|
0-0: Ball 1-0: Ball 2-0: Called Strike 2-1: Foul Ball, location: 2F 2-2: Ball 3-2: 2-RUN HOME RUN (Flyball, 78XD), Distance : 432 ft
|
Batting: RHB Ben Wilson
|
0-0: Called Strike 0-1: Called Strike 0-2: Ball 1-2: Fly out, F8 (Flyball, 8RS)
|
Batting: RHB Jesús Velásquez
|
0-0: Ball 1-0: Ball 2-0: Foul Ball, location: 2F 2-1: Ball 3-1: Base on Balls
|
Batting: RHB Scott McGuire
|
0-0: Called Strike 0-1: Ball Jesús Velásquez steals 2nd base 1-1: Ball 2-1: Foul Ball, location: 2F 2-2: Ball 3-2: Fly out, F7 (Flyball, 7)
|
Bottom of the 5th over - 2 run(s), 2 hit(s), 1 error(s), 1 left on base; Punta Cana 4 - Santa Anna 4 |
TOP OF THE 6TH |
Punta Cana Hutias batting - Pitching for Santa Anna Dukes : RHP A.J. Wellman
|
Batting: RHB Millard Ferguson
|
0-0: Ball 1-0: Foul Ball, location: 2F 1-1: Foul Ball, location: 2F 1-2: Strikes out looking
|
Batting: SHB Ernesto Moreno
|
0-0: Ball 1-0: Ground out 4-3 (Groundball, 4)
|
Batting: RHB Alejandro Ramírez
|
0-0: Called Strike 0-1: Called Strike 0-2: Strikes out swinging
|
Top of the 6th over - 0 run(s), 0 hit(s), 0 error(s), 0 left on base; Punta Cana 4 - Santa Anna 4 |
BOTTOM OF THE 6TH |
Santa Anna Dukes batting - Pitching for Punta Cana Hutias : RHP Raúl Cruz
|
Pitching: RHP Rafael Marín
|
|
Batting: SHB Jerry Young
|
0-0: Fly out, F8 (Flyball, 8LD)
|
Batting: RHB John Hutchins
|
0-0: Fly out, F9 (Flyball, 9LMF)
|
Batting: LHB Tony Beck
|
0-0: Called Strike 0-1: Ball 1-1: SINGLE (Groundball, 4D)
|
Batting: RHB William Elliott
|
0-0: Ball 1-0: Ball 2-0: Called Strike 2-1: Foul Ball, location: 2F 2-2: Foul Ball, location: 2F 2-2: Strikes out swinging
|
Bottom of the 6th over - 0 run(s), 1 hit(s), 0 error(s), 1 left on base; Punta Cana 4 - Santa Anna 4 |
TOP OF THE 7TH |
Punta Cana Hutias batting - Pitching for Santa Anna Dukes : RHP A.J. Wellman
|
Batting: RHB Edgardo Vásquez
|
0-0: Called Strike 0-1: Ball 1-1: Fly out, F7 (Flyball, 78M)
|
Batting: LHB Juan Rodríguez
|
0-0: Ball 1-0: Ball 2-0: Foul Ball, location: 2F 2-1: SINGLE (Flyball, 7S)
|
Batting: LHB Justin McCoy
|
Pickoff Throw to First - Out! 0-0: Foul Ball, location: 2F 0-1: Foul Ball, location: 2F 0-2: Foul Ball, location: 2F 0-2: Ball 1-2: Foul Ball, location: 2F 1-2: Foul Ball, location: 2F 1-2: Foul Ball, location: 2F 1-2: SINGLE (Line Drive, 4M)
|
Pinch Hitting: RHB Armando Arellano
|
0-0: Foul Ball, location: 2F 0-1: Ball 1-1: Ball 2-1: DOUBLE (Line Drive, 89M) Justin McCoy to third Runner from 3rd tries for Home, SAFE, no throw
|
Pitching: RHP José Braceiras
|
|
Pinch Hitting: SHB Ken Gibson
|
0-0: Ground out U3 (Groundball, 34)
|
Top of the 7th over - 1 run(s), 3 hit(s), 0 error(s), 1 left on base; Punta Cana 5 - Santa Anna 4 |
BOTTOM OF THE 7TH |
Santa Anna Dukes batting - Pitching for Punta Cana Hutias : RHP Rafael Marín
|
Now at 1B: Ben Kearley
|
|
Now in LF: Ken Gibson
|
|
Batting: RHB Brian Martínez
|
0-0: Ball 1-0: Ball 2-0: Called Strike 2-1: Fly out, F9 (Flyball, 9LM)
|
Batting: RHB Rory Howard
|
0-0: SINGLE (Groundball, 4D)
|
Pinch Hitting: LHB Dave Reynolds
|
0-0: Ball 1-0: Called Strike 1-1: Ball 2-1: Ball 3-1: Swinging Strike 3-2: Fielders Choice at 2nd, 3-6 (Groundball, 3)
|
Pinch Hitting: SHB Lonnie Washington
|
0-0: Ball 1-0: Swinging Strike 1-1: Ball 2-1: Ball Passed Ball! Dave Reynolds to second 3-1: Called Strike 3-2: Foul Ball, location: 2F 3-2: Reached on error, E5 (Groundball, 56) Dave Reynolds to third
|
Pinch Hitting: RHB Alberto Morín
|
0-0: Ball 1-0: Swinging Strike 1-1: Fly out, F9 (Flyball, 9S)
|
Bottom of the 7th over - 0 run(s), 1 hit(s), 1 error(s), 2 left on base; Punta Cana 5 - Santa Anna 4 |
TOP OF THE 8TH |
Punta Cana Hutias batting - Pitching for Santa Anna Dukes : RHP José Braceiras
|
Now at 1B: Michael Hastings
|
|
Now in LF: Alberto Morín
|
|
Now in RF: John Miller
|
|
Batting: SHB Tony Suárez
|
0-0: Ball 1-0: Foul Ball, location: 2F 1-1: Swinging Strike 1-2: Ground out 4-3 (Groundball, 34D)
|
Batting: RHB Millard Ferguson
|
0-0: Ball 1-0: Called Strike 1-1: Foul Ball, location: 2F 1-2: Strikes out swinging
|
Batting: SHB Ernesto Moreno
|
0-0: Called Strike 0-1: Ball 1-1: Ball 2-1: Fly out, F5 (Popup, 5L)
|
Top of the 8th over - 0 run(s), 0 hit(s), 0 error(s), 0 left on base; Punta Cana 5 - Santa Anna 4 |
BOTTOM OF THE 8TH |
Santa Anna Dukes batting - Pitching for Punta Cana Hutias : RHP Rafael Marín
|
Pitching: RHP Juan Baca
|
|
Now at SS: Ricardo Murillo
|
|
Batting: SHB Jerry Young
|
0-0: Called Strike 0-1: Ball 1-1: Called Strike 1-2: Ball 2-2: Ball 3-2: Strikes out swinging
|
Batting: RHB John Hutchins
|
0-0: Called Strike 0-1: Ball 1-1: Ball 2-1: Swinging Strike 2-2: Ball 3-2: Strikes out swinging
|
Pitching: LHP Carlos Martínez
|
|
Batting: LHB Tony Beck
|
0-0: Swinging Strike 0-1: Ball 1-1: Foul Ball, location: 2F 1-2: Ball 2-2: Foul Ball, location: 2F 2-2: Foul Ball, location: 2F 2-2: Fly out, F8 (Flyball, 8LD)
|
Bottom of the 8th over - 0 run(s), 0 hit(s), 0 error(s), 0 left on base; Punta Cana 5 - Santa Anna 4 |
TOP OF THE 9TH |
Punta Cana Hutias batting - Pitching for Santa Anna Dukes : RHP José Braceiras
|
Batting: RHB Alejandro Ramírez
|
0-0: Ball 1-0: Ball 2-0: Called Strike 2-1: Called Strike 2-2: Fly out, F7 (Flyball, 7S)
|
Batting: RHB Edgardo Vásquez
|
0-0: Foul Ball, location: 2F 0-1: Ball 1-1: Ball 2-1: Foul Ball, location: 2F 2-2: Ball 3-2: Base on Balls
|
Batting: LHB Juan Rodríguez
|
0-0: Called Strike 0-1: Ball 1-1: Ball 2-1: Ball 3-1: Base on Balls Edgardo Vásquez to second
|
Batting: LHB Justin McCoy
|
0-0: Called Strike 0-1: Foul Ball, location: 2F 0-2: Ball 1-2: Ball 2-2: SINGLE (Line Drive, 9S) Edgardo Vásquez to third Juan Rodríguez to second Runner from 3rd tries for Home, SAFE, throw made at trailing runner, OUT at third!
|
Batting: RHB Ben Kearley
|
0-0: Ball Justin McCoy steals 2nd base 1-0: Foul Ball, location: 2F 1-1: Fly out, F8 (Flyball, 8LM)
|
Top of the 9th over - 1 run(s), 1 hit(s), 0 error(s), 1 left on base; Punta Cana 6 - Santa Anna 4 |
BOTTOM OF THE 9TH |
Santa Anna Dukes batting - Pitching for Punta Cana Hutias : LHP Carlos Martínez
|
Pitching: RHP Ángel Casillas
|
|
Batting: RHB William Elliott
|
0-0: Ball 1-0: Swinging Strike 1-1: Fly out, F6 (Popup, 56D)
|
Batting: RHB Brian Martínez
|
0-0: Called Strike 0-1: Called Strike 0-2: Strikes out swinging
|
Batting: RHB Rory Howard
|
0-0: Called Strike 0-1: Foul Ball, location: 2F 0-2: Fly out, F2 (Popup, 3S)
|
Bottom of the 9th over - 0 run(s), 0 hit(s), 0 error(s), 0 left on base; Punta Cana 6 - Santa Anna 4 |
|